Unix NetHack Version 5.0.0-0 post-release - last build May 17 2026 04:57:42 (dc50c8380fa5e20985bfe3072449f57b8d9895ef,branch:main).

Game began 2026-05-19 01:44:50, ended 2026-05-19 03:36:59.

Kwijibo4686, neutral female human Valkyrie

                            ------------------------
                            |..^......e%..%.....C@.|
                            |..-------------------.|
                          ----.|    -----        |.|
                          |.`|.--  --...|        |.|
                          |.[.).|--|..`.|        |.|
                          |...[.|..|....|        |.|
                          --....|.....`--        |%|
                           |....%..|...|   ------|.|
                           |....|..|...| --|....%|.|
                           |....---|...| |.-.....|%|
                           |.......|..-- |-|.....|%|
                           ----.[..|.--  |.-.....%.|
                              ---.--.|   |-|.....|--
                               |@....|   |`-.....|
                               |>.|..|   --|..%..|
                               -------     -------

Kwijibo4686 the Woman-at-arms  St:17 Dx:16 Co:18 In:9 Wi:7 Ch:9  Neutral
Dlvl:5  $:2496 HP:0(95) Pw:17(17) AC:-6 Xp:10 T:13842 

Latest messages:
 There is an iron piercer corpse here; eat it? [ynq] (n) y
 This iron piercer corpse is gamey.
 You finish eating the iron piercer corpse.
 The scroll turns to dust as you pick it up.
 E - a pyramidal amulet.
 Some text has been burned into the floor here.
 You read: "Elbereth".
 What do you want to call? [ixACEISWY or ?*] ?
 Call a pyramidal amulet: reflect
 You see here a small mimic corpse.
 You see here an orc shaman corpse.
 You see here a partly eaten wolf corpse.
 The mountain centaur wields a rotted bow!
 The mountain centaur shoots an elven arrow!
 An elven arrow misses you.
 The mountain centaur shoots 2 elven arrows!
 The 1st elven arrow misses you.
 The 2nd elven arrow misses you.
 The mountain centaur wields a dwarvish short sword!
 The mountain centaur thrusts his dwarvish short sword.
 The mountain centaur misses!
 The mountain centaur kicks!
 The mountain centaur kicks again!
 You hit the mountain centaur!
 The mountain centaur thrusts his dwarvish short sword.
 The mountain centaur hits!
 The mountain centaur kicks!
 The mountain centaur kicks again!
 You miss the mountain centaur.
 The mountain centaur thrusts his dwarvish short sword.
 The mountain centaur just misses!
 The mountain centaur misses!
 The mountain centaur misses!
 The mountain centaur thrusts his dwarvish short sword.
 The mountain centaur hits!
 The mountain centaur kicks!
 The mountain centaur misses!
 You see here an elven arrow.
 The mountain centaur picks up 2 elven arrows.
 The mountain centaur picks up an elven arrow.
 The mountain centaur thrusts his dwarvish short sword.
 The mountain centaur hits!
 The mountain centaur misses!
 The mountain centaur kicks!
 What do you want to zap? [kmsxY or ?*] s
 Nothing happens.
 The mountain centaur thrusts his dwarvish short sword.
 The mountain centaur hits!
 You die...
 Do you want your possessions identified? [ynq] (y) q

Inventory:
 Coins    ('$')
  $ - 2496 gold pieces
 Amulets  ('"')
  E - an uncursed amulet of reflection
 Weapons  (')')
  j - a +1 spear (weapon in right hand)
 Armor    ('[')
  p - a blessed +1 dwarvish iron helm (being worn)
  o - an uncursed +0 pair of leather gloves (being worn)
  q - an uncursed +0 pair of iron shoes (being worn)
  c - an uncursed burnt +3 small shield (being worn)
  i - an uncursed +0 alchemy smock with text "I'm making SCIENCE!" (being worn)
  N - an uncursed +0 dwarvish mithril-coat (being worn)
 Comestibles  ('%')
  e - 9 uncursed food rations
  v - an uncursed partly eaten lizard corpse
  z - an uncursed lizard corpse
 Scrolls  ('?')
  C - an uncursed scroll of enchant weapon
  B - an uncursed scroll of teleportation
 Potions  ('!')
  D - an uncursed potion of healing
 Wands    ('/')
  x - a wand of cancellation (0:3)
  m - a wand of light (0:13)
  k - a wand of light (0:12)
  s - a wand of lightning (0:0)
  Y - a wand of slow monster (0:6)
 Tools    ('(')
  A - an uncursed sack containing 6 items
  u - an uncursed lock pick
  n - a +0 unicorn horn
 Gems/Stones  ('*')
  S - an uncursed flint stone
  I - an uncursed luckstone
  W - an uncursed touchstone

Contents of the sack:
  a wand of magic missile (0:0)
  a wand of magic missile (0:0)
  a wand of striking (0:5)
  a wand of striking (0:0)
  a wand of striking (0:0)
  a wand of light (0:12)

Kwijibo4686 the Valkyrie's attributes:

Background:
 You were a Woman-at-arms, a level 10 human Valkyrie.
 You were neutral, on a mission for Odin
 who was opposed by Tyr (lawful) and Loki (chaotic).
 You were right-handed.
 You were in Sokoban, on level 5.
 You entered the dungeon 13842 turns ago.
 It was nighttime.
 There was a new moon in effect when your adventure ended.
 You had 7932 experience points, 2068 more were needed to attain level 11.

Basics:
 You had 0 out of 95 hit points.
 You had all 17 energy points (spell power).
 Your armor class was -6.
 Your wallet contained 2496 zorkmids.
 Autopickup was on for '$?!/="' plus thrown.

Final Characteristics:
 Your strength was 17 (limit:18/100).
 Your dexterity was 16 (peak:18, limit:18).
 Your constitution was 18 (limit:18).
 Your intelligence was 9 (limit:18).
 Your wisdom was 7 (limit:18).
 Your charisma was 9 (limit:18).

Final Status:
 You weren't hungry.
 You were unencumbered.
 You were wielding a spear.
 You had expert skill with spear.

Final Attributes:
 You were piously aligned.
 You were cold resistant.
 You were poison resistant.
 You were acid resistant.
 Your items were protected from acid.
 You were telepathic.
 You were stealthy.
 You were guarded.
 Your spell casting was impaired by metallic armor.
 You were lucky.
 You had extra luck.
 Bad luck did not time out for you.
 Good luck did not time out for you.
 You are dead.

Miscellaneous:
 You didn't encounter any bones levels.
 Total elapsed playing time was 1 hour, 52 minutes and 8 seconds.

Major events:
 Turn
    1: Kwijibo4686 the neutral human Valkyrie entered the dungeon
 1003: attained the rank of Skirmisher (level 3)
 1312: entered the Gnomish Mines
 1860: reached Mine Town
 1909: attained the rank of Fighter (level 6)
 5196: acquired the Mines' End luckstone
10582: entered Sokoban
10812: completed 1st Sokoban level
11151: completed 2nd Sokoban level
11629: completed 3rd Sokoban level
12395: attained the rank of Woman-at-arms (level 10)
13206: completed 4th Sokoban level
13811: acquired the Sokoban amulet of reflection
13842: killed by a mountain centaur

Spells:
 Name                 Level Category     Fail Retention
 remove curse           3   clerical     100%   51%-75%
 wizard lock            2   matter       100%   51%-75%
 chain lightning        2   attack       100%   51%-75%

Skills:
 Fighting Skills
   bare handed combat [Unskilled]
   two weapon combat  [Unskilled]
   riding             [Unskilled]
 Weapon Skills
   dagger             [Basic]
   axe                [Unskilled]
   pick-axe           [Unskilled]
   short sword        [Unskilled]
   broadsword         [Unskilled]
   long sword         [Unskilled]
   two-handed sword   [Unskilled]
   saber              [Unskilled]
   hammer             [Unskilled]
   quarterstaff       [Unskilled]
   polearms           [Unskilled]
   spear              [Expert]
   trident            [Unskilled]
   lance              [Unskilled]
   sling              [Unskilled]
 Spellcasting Skills
   attack spells      [Unskilled]
   escape spells      [Unskilled]

Voluntary challenges:
 Character rerolling was not enabled.
 You never genocided any monsters.
 You never polymorphed an object.
 You never changed form.
 You used no wishes.
 You did not violate any of the special Sokoban rules.
Achievements:
 You entered a shop.
 You attained the rank of Skirmisher.
 You entered the Gnomish Mines.
 You entered Minetown.
 You attained the rank of Fighter.
 You completed the Gnomish Mines.
 You entered Sokoban.
 You attained the rank of Woman-at-arms.
 You completed Sokoban.

 The Dungeons of Doom: levels 1 to 9
    Level 1:
       Some fountains.
    Level 2:
       A general store, a fountain.
    Level 3:
       A general store, a fountain.
    Level 4: "c"
       A general store.
       Stairs down to The Gnomish Mines.
    Level 5:
       A scroll shop, a fountain.
    Level 6:
       An altar.
    Level 7:
       A weapon shop, a fountain.
    Level 8:
       Many fountains.
       Oracle of Delphi.
    Level 9:
       Stairs up to Sokoban, level 8.
 The Gnomish Mines: levels 5 to 13
    Level 5:
    Level 6:
    Level 7:
       An altar to Odin, some fountains.
    Level 8:
    Level 9:
    Level 10:
    Level 11:
    Level 12:
    Level 13:
       A fountain.
 Sokoban: levels 8 up to 5
    Level 5: <- You were here.
       Solved.
       Final resting place for
          you, killed by a mountain centaur.
    Level 6:
       Solved.
    Level 7:
       Solved.
    Level 8:
       Solved.


Vanquished creatures:
  2 giant mimics
 an air elemental
  a black naga
  3 elf-nobles
  2 wargs
  a winter wolf
  a small mimic
  3 warhorses
  a xan
  2 ettin mummies
  3 sasquatches
  2 freezing spheres
  a large cat
  a dwarf ruler
  2 wraiths
  2 ettin zombies
  3 chameleons
  2 crocodiles
  2 giant beetles
  3 quivering blobs
  7 cockatrices
  a wolf
 10 winter wolf cubs
  2 leprechauns
 11 orc-captains
  3 iron piercers
  a mumak
  a giant spider
  3 vampire bats
  a forest centaur
  2 gnome rulers
  a dwarf mummy
  4 brown puddings
 an owlbear
  3 yetis
  a gold golem
  a werewolf
  a Green-elf
  6 lizards
  a jaguar
  4 dwarf leaders
  a blue jelly
  2 white unicorns
  a gnome mummy
  4 snakes
 an ape
  a human zombie
  3 soldier ants
  a bugbear
  a quasit
  a wood nymph
  a mountain nymph
  3 Mordor orcs
  5 Uruk-hai
  6 orc shamans
  2 rock piercers
  a pony
  2 fog clouds
  2 yellow lights
 17 gnome leaders
  4 gnomish wizards
  a gray ooze
  a barrow wight
  4 elf zombies
  a ghoul
  7 giant ants
  a little dog
  5 floating eyes
 23 dwarves
  a kobold shaman
 12 hill orcs
 12 rothes
  a centipede
  2 giant bats
  a monkey
  2 orc zombies
  4 dwarf zombies
  3 iguanas
 an acid blob
  5 coyotes
  a gas spore
  6 hobbits
  a manes
  a large kobold
  2 hobgoblins
 an orc
  2 giant rats
  a brown mold
  2 yellow molds
  2 green molds
  3 red molds
 62 gnomes
  6 garter snakes
  2 gnome zombies
  8 geckos
  8 jackals
  a kobold
  4 goblins
  6 sewer rats
  8 grid bugs
  2 bats
  3 lichens
  4 kobold zombies
  7 newts
392 creatures vanquished.

No species were genocided or became extinct.

Game over:
                       ----------
                      /          \
                     /    REST    \
                    /      IN      \
                   /     PEACE      \
                  /                  \
                  |   Kwijibo4686    |
                  |     2496 Au      |
                  |   killed by a    |
                  | mountain centaur |
                  |                  |
                  |                  |
                  |       2026       |
                 *|     *  *  *      | *
        _________)/\\_//(\/(/\)/\//\/|_)_______

Farvel Kwijibo4686 the Valkyrie...

You died in Sokoban on dungeon level 5 with 40575 points,
and 2496 pieces of gold, after 13842 moves.
You were level 10 with a maximum of 95 hit points when you died.

